 Dungeon Crawl Stone Soup version 0.17.2-1-ge4368a0 (webtiles) character file.

35 Goblin1989 the Insei (level 3, 0/29 HPs)
             Began as a Demonspawn Monk on May 5, 2017.
             Slain by a gnoll
             ... wielding a +0 spear
              (2 damage)
             ... on level 2 of the Dungeon.
             The game lasted 00:02:50 (1057 turns).

Goblin1989 the Insei (Demonspawn Monk)              Turns: 1057, Time: 00:02:50

Health: 0/29       AC:  3    Str: 12    XL:     3   Next: 16%
Magic:  3/3        EV: 13    Int: 11    God:
Gold:   26         SH:  0    Dex: 15    Spells: 0 memorised, 2 levels left

rFire  . . .     SeeInvis .     n - +0 glaive (freeze)
rCold  . . .     Clarity  .     a - +0 robe
rNeg   . . .     SustAt   .     (shield currently unavailable)
rPois  .         Gourm    .     k - +0 helmet
rElec  .         Spirit   .     (no cloak)
rCorr  .         Warding  .     (no gloves)
rMut   .         Stasis   .     (no boots)
MR     +....                    (no amulet)
Stlth  ++........               (no ring)
                                m - ring of protection from magic

@: somewhat resistant to hostile enchantments, unstealthy
A: hooves 1
a: no special abilities


You were on level 2 of the Dungeon.
You were hungry.

You visited 1 branch of the dungeon, and saw 2 of its levels.

You collected 26 gold pieces.

Inventory:

Hand Weapons
 d - a +0 mace
 j - a +2 dagger of venom
 n - a +0 glaive of freezing (weapon)
Armour
 a - a +0 robe (worn)
 k - a +0 helmet (worn)
Jewellery
 l - an amulet of resist corrosion {unknown}
 m - a ring of protection from magic (left hand)
Scrolls
 f - 3 scrolls of fear {unknown}
 g - a scroll of noise {unknown}
 i - a scroll of enchant armour {unknown}
Potions
 b - a potion of invisibility {unknown}
 c - a potion of lignification {unknown}
 h - a potion of curing {unknown}
Comestibles
 e - 2 bread rations {@e1}


   Skills:
 - Level 3.0 Fighting
 + Level 1.9 Maces & Flails
 - Level 2.6 Dodging
 - Level 1.7 Stealth
 - Level 4.0 Unarmed Combat


You had 2 spell levels left.
You didn't know any spells.

Dungeon Overview and Level Annotations

Branches:
Dungeon (2/15)

Altars:


Innate Abilities, Weirdness & Mutations

You have large cloven feet.


Message History

No target in view!
No target in view!
No target in view!
No target in view!
No target in view!
No target in view!
No target in view!
No target in view!
No target in view!
No target in view!
No target in view!
No target in view!
No target in view!
No target in view!
No target in view!
No target in view!
k - a helmet Wear which item? (? for menu, Esc to quit)
You start putting on your armour.
You continue putting on your helmet.
You continue putting on your helmet. x3
You finish putting on your +0 helmet.
Things that are here:
a club; a goblin corpse
l - a dented diamond amulet A hobgoblin comes into view.
It is wielding a club.
You see here 11 gold pieces.
The hobgoblin shouts!
You punch the hobgoblin!
You kill the hobgoblin!
A gnoll comes into view.
The gnoll shouts!
The gnoll throws a throwing net.
The throwing net hits you.
You become entangled in the net!
Things that are here:
a throwing net {!d, =f}; 11 gold pieces You try to slip out of the net.
You try to slip out of the net.
A gnoll comes into view. It is wielding a whip.
You try to slip out of the net.
You struggle against the net.
You tear a large gash into the net.
The gnoll barely misses you.
You slip out of the net!
The gnoll hits you.
A gnoll comes into view. It is wielding a spear.
You take 2 damage, and have 22/24 hp.
The gnoll shouts!
A gnoll comes into view.
The gnoll moves out of view.
Health restored: 24 You see here a runed glaive.
n - a runed glaive Wield which item (- for none, * to show all)? (? for menu, Esc to quit)
It glows with a cold blue light!
n - a +0 glaive of freezing (weapon)
The gnoll barely misses you.
You hit the gnoll. You freeze the gnoll.
The gnoll is moderately wounded.
The gnoll hits you.
You take 6 damage, and have 18/24 hp.
MASSIVE DAMAGE!!
You slash the gnoll! You freeze the gnoll.
You kick the gnoll, but do no damage.
The gnoll is almost dead.
The gnoll closely misses you. The gnoll barely misses you.
The gnoll closely misses you.
You closely miss the gnoll.
The gnoll is almost dead.
The gnoll hits you.
The gnoll hits you from afar with a spear!
* * * LOW HITPOINT WARNING * * *
The gnoll hits you.
* * * LOW HITPOINT WARNING * * *
The gnoll closely misses you.
You take 14 damage, and have 4/24 hp.
MASSIVE DAMAGE!!
You hit the gnoll. You freeze the gnoll.
You kill the gnoll!
You have reached level 3!
Your experience leads to an increase in your attributes!
Increase (S)trength, (I)ntelligence, or (D)exterity?
You feel stronger.
You are feeling hungry.
The gnoll hits you but does no damage.
MP restored: 3 Unknown command.
Wield which item (- for none, * to show all)? (? for menu, Esc to quit)
Okay, then.
Attack whom?
Press: ? - help, Dir - move target cursor, f - gnoll
Aim: a gnoll, wielding a spear You reach to attack!
You hit the gnoll but do no damage. The gnoll closely misses you.
The gnoll hits you from afar with a spear.
* * * LOW HITPOINT WARNING * * *
You take 3 damage, and have 2/29 hp.
Unknown command.
Attack whom?
Press: ? - help, Dir - move target cursor, f/p - gnoll
Aim: a gnoll, wielding a spear You reach to attack!
You slash the gnoll! You freeze the gnoll.
The gnoll is severely wounded.
The gnoll hits you from afar with a spear.
You die...

█.█ █[█ █.█ █.█ ██.█ █.█
█..█ █.█ ████████.█
█.███████ .........█
█.......█
.██.████.███████.██....█
█.......g.██....█ ...
.█████....@...██....█
...
.██..<...)███.███.█.█
...███.██.......█
█.......█ .......
█.......█ █████.███
█..............█ █.█
.g..███.......█ ███.███
█.)███....>..█ █.....█
███g..██.......█ █.█.█.█
█.....██████████ █...█.█


You could see a gnoll.

Vanquished Creatures
  A gnoll (D:2)
  A bat (D:1)
  2 giant cockroaches (D:1)
  6 hobgoblins
  3 jackals (D:1)
  2 giant newts (D:1)
  4 goblins
  A kobold (D:1)
  2 rats (D:1)
22 creatures vanquished.

Notes
Turn   | Place    | Note
--------------------------------------------------------------
     0 | D:1      | Goblin1989 the Demonspawn Monk began the quest for the Orb.
     0 | D:1      | Reached XP level 1. HP: 18/18 MP: 1/1
     2 | D:1      | Noticed an electric eel
   190 | D:1      | Reached skill level 4 in Unarmed Combat
   213 | D:1      | Gained mutation: You have large cloven feet. [demonic ancestry]
   213 | D:1      | Reached XP level 2. HP: 24/24 MP: 2/2
   525 | D:1      | Reached skill level 1 in Maces & Flails
  1055 | D:2      | Reached XP level 3. HP: 4/29 MP: 3/3
  1057 | D:2      | Slain by a gnoll

Action                   || total
-------------------------++-------
Melee: Unarmed           ||    63
       Mace              ||    10
       Glaive            ||     6
 Stab: Sleeping          ||     4

Vault maps used:
D:1:      arrival_aquarium_a, amethyst_killhole
D:2:      nicolae_ru_path_of_blood, serial_glass, glass_columns_b,
          glass_columns_c, ashenzari_altar_1, uniq_sigmund
